 Dungeon Crawl Stone Soup version 0.19.5 (webtiles) character file.

4126 Jerry the Carver (level 10, -5/91 HPs)
             Began as a Minotaur Fighter on Apr 2, 2017.
             Slain by an orc warrior (17 damage)
             ... in a bailey.
             The game lasted 00:14:28 (5272 turns).

Jerry the Carver (Minotaur Fighter)                 Turns: 5272, Time: 00:14:29

Health: -5/91      AC: 20    Str: 27    XL:     10   Next: 6%
Magic:  9/9        EV: 10    Int:  7    God:
Gold:   302        SH:  0    Dex: 14    Spells: 0 memorised, 9 levels left

rFire  . . .     SeeInvis .     a - +0 long sword
rCold  . . .     Gourm    .     M - +5 plate armour "Guecarch" {Dex+4}
rNeg   . . .     Faith    .     (no shield)
rPois  +         Spirit   .     (helmet restricted)
rElec  .         Reflect  .     N - +0 cloak
rCorr  .         Harm     .     (no gloves)
MR     .....                    (no boots)
Stlth  ..........               (no amulet)
                                g - +2 ring of slaying
                                u - ring of poison resistance

@: mighty
A: retaliatory headbutt, horns 2
a: no special abilities


You were in a bailey.
You were not hungry.

You visited 1 branch of the dungeon, and saw 7 of its levels.
You also visited: Bailey.

You collected 302 gold pieces.

Inventory:

Hand Weapons
 a - a +0 long sword (weapon)
 j - a +6 hand crossbow
Missiles
 O - 2 bolts
Armour
 b - a +0 scale mail
 c - a +0 shield
 M - the +5 plate armour "Guecarch" (worn) {Dex+4}
   (You found it on level 7 of the Dungeon)

   It affects your dexterity (+4).
 N - a +0 cloak (worn)
Jewellery
 g - a +2 ring of slaying (right hand)
 i - an uncursed ring of wizardry
 u - a ring of poison resistance (left hand)
 D - an uncursed ring of see invisible {unknown}
 H - an uncursed ring of flight
Wands
 A - a wand of slowing (26/48)
 I - a wand of digging (18/24)
 K - a wand of confusion (0/48)
Scrolls
 h - a scroll of remove curse
 k - a scroll of fear {unknown}
 n - 2 scrolls of teleportation {unknown}
 q - a scroll of random uselessness {unknown}
 y - a scroll of recharging {unknown}
 z - a scroll of enchant armour {unknown}
 G - a scroll of noise {unknown}
Potions
 d - a potion of cancellation
 e - 3 potions of magic
 m - 2 potions of agility
 o - 4 potions of curing
 p - a potion of cure mutation
 r - a potion of flight
 s - a potion of resistance
 v - a potion of brilliance {unknown}
 B - 2 potions of mutation {unknown}
 C - a potion of lignification {unknown}
 E - 3 potions of berserk rage {unknown}
 F - 2 potions of degeneration {unknown}
Comestibles
 f - 4 bread rations
 l - 6 meat rations
 w - 4 fruits
 J - a beef jerky
 L - 4 chunks of flesh


   Skills:
 + Level 9.0 Fighting
 * Level 11.6 Long Blades
 + Level 8.8 Armour
 - Level 5.5 Dodging
 - Level 3.6 Shields


You had 9 spell levels left.
You didn't know any spells.

Dungeon Overview and Level Annotations

Branches:
Dungeon (7/15)
 Temple: D:4-7

Altars:
Qazlal


Innate Abilities, Weirdness & Mutations

You reflexively headbutt those who attack you in melee.
You have a pair of horns on your head.


Message History

You slash the orc knight!
You kill the orc knight!
Your Fighting skill increases to level 9!
You have reached level 10!
The orc warrior unwields an uncursed arbalest.
The orc warrior closely misses you. You furiously retaliate!
You headbutt the orc warrior, but do no damage.
You riposte.
You slash the orc warrior! Your headbutt misses the orc warrior.
The orc warrior is heavily wounded.
You barely miss the orc warrior.
The orc warrior is heavily wounded.
The orc warrior hits you but does no damage.
The orc warrior hits you!
* * * LOW HITPOINT WARNING * * *
You closely miss the orc warrior. Your headbutt misses the orc warrior.
The orc warrior is heavily wounded.
The orc warrior hits you from afar with a halberd.
* * * LOW HITPOINT WARNING * * *
The orc warrior hits you!
You die...

## ### ### ##.#
#########∩###########.##
#...##.....##...##.....##...#
#$..#..≈≈≈..#...#..≈≈≈..#...#
#[..#.≈≈.≈≈.......≈≈.≈≈)#...#
#..o'o≈..o≈.......≈...≈.))..#
#...#.≈≈.≈≈oo)....≈≈.≈≈.#...#
#$.o#..≈≈≈..#@..#..≈≈≈..#...#
#/..##...o(##.∩.##.....##...#
##.# #########∩###########.##
## ### ###


You could see an orc knight and 2 orc warriors.

Vanquished Creatures
  2 orc knights (Bailey)
  A troll (D:6)
  Eustachio (D:4)
  Duvessa (D:5)
  A water moccasin (D:7)
  10 orc warriors (Bailey)
  A phantom (D:7)
  2 ogres
  A necrophage (D:5)
  2 centaurs (D:5)
  4 bullfrogs
  Dowan (D:5)
  5 scorpions
  A wight (D:6)
  3 crimson imps (D:6)
  A bullfrog zombie (D:4)
  A quasit (D:4)
  A centaur zombie (D:6)
  2 hounds
  2 bullfrog skeletons (D:4)
  2 orc priests (D:3)
  An orc wizard (D:7)
  An iguana (D:4)
  2 worker ants
  A hound zombie (D:5)
  4 gnolls (D:5)
  6 adders
  3 shadow imps
  An adder skeleton (D:6)
  An adder zombie (D:6)
  A worm (D:3)
  2 dart slugs (D:3)
  4 leopard geckos
  13 orcs
  A ball python (D:1)
  3 giant cockroaches
  10 goblins
  3 hobgoblins (D:1)
  10 jackals
  2 quokkas
  7 bats
  4 frilled lizards
  7 kobolds
  A leopard gecko zombie (D:3)
  A quokka skeleton (D:4)
  3 rats
137 creatures vanquished.

Notes
Turn   | Place    | Note
-------+----------+-------------------------------------------
     0 | D:1      | Jerry the Minotaur Fighter began the quest for the Orb.
     0 | D:1      | Reached XP level 1. HP: 19/19 MP: 0/0
   211 | D:1      | Reached XP level 2. HP: 27/27 MP: 1/1
   519 | D:2      | Reached skill level 3 in Long Blades
   591 | D:2      | Reached skill level 1 in Dodging
   839 | D:2      | Reached XP level 3. HP: 30/33 MP: 2/2
   914 | D:2      | Found a faded altar of an unknown god.
  1097 | D:3      | Noticed a scorpion
  1101 | D:3      | Killed a scorpion
  1101 | D:3      | Reached XP level 4. HP: 34/40 MP: 3/3
  1432 | D:3      | Reached skill level 4 in Long Blades
  1610 | D:3      | Found a stormy altar of Qazlal.
  1808 | D:3      | Reached XP level 5. HP: 47/47 MP: 4/4
  2248 | D:4      | Noticed Eustachio
  2259 | D:4      | Reached skill level 5 in Long Blades
  2264 | D:4      | Killed Eustachio
  2264 | D:4      | Reached skill level 5 in Fighting
  2264 | D:4      | Reached skill level 5 in Armour
  2264 | D:4      | Reached XP level 6. HP: 22/56 MP: 5/5
  2609 | D:4      | Reached skill level 6 in Long Blades
  2627 | D:4      | Reached XP level 7. HP: 53/61 MP: 6/6
  3009 | D:5      | Entered Level 5 of the Dungeon
  3009 | D:5      | Noticed Duvessa
  3131 | D:5      | Killed Duvessa
  3152 | D:5      | Noticed Dowan
  3170 | D:5      | Killed Dowan
  3170 | D:5      | Reached skill level 7 in Long Blades
  3409 | D:5      | Reached XP level 8. HP: 66/70 MP: 7/7
  3800 | D:6      | Reached skill level 8 in Long Blades
  4477 | D:6      | Reached skill level 9 in Long Blades
  4477 | D:6      | Reached skill level 5 in Dodging
  4727 | D:6      | Noticed a troll
  4734 | D:6      | Killed a troll
  4734 | D:6      | Reached XP level 9. HP: 44/79 MP: 8/8
  4961 | D:7      | Got an emerald-encrusted plate armour
  4972 | D:7      | Identified the +5 plate armour "Guecarch" {Dex+4} (You found it on level 7 of the Dungeon)
  4989 | D:7      | Found a flagged portal.
  5010 | Bailey   | Entered a bailey
  5010 | Bailey   | Noticed an orc knight
  5011 | Bailey   | Noticed an orc knight
  5021 | Bailey   | Reached skill level 10 in Long Blades
  5035 | Bailey   | Killed an orc knight
  5035 | Bailey   | Reached skill level 11 in Long Blades
  5248 | Bailey   | Noticed an orc knight
  5270 | Bailey   | Killed an orc knight
  5270 | Bailey   | Reached XP level 10. HP: 27/91 MP: 9/9
  5272 | Bailey   | Slain by an orc warrior

Skill      XL: |  1  2  3  4  5  6  7  8  9 |
---------------+----------------------------+-----
Fighting       | 4 5 6 7 9 |  9.0
Long Blades    | 3 4 5 6 7 9 11 | 11.6
Dodging        | 1 2 3 4 5 |  5.5
Armour         | 4 5 6 7 8 |  8.8
Shields        | |  3.6

Action                   |  1- 3 |  4- 6 |  7- 9 | 10-12 || total
-------------------------+-------+-------+-------+-------++-------
Melee: Long sword        |    65 |    81 |   200 |     2 ||   348
       Headbutt          |    10 |    10 |    36 |       ||    56
Evoke: Wand              |       |       |    31 |       ||    31
  Use: Potion            |     1 |       |     2 |       ||     3
       Scroll            |       |     1 |     9 |       ||    10
  Eat: Chunk             |     1 |     4 |     8 |       ||    13
       Fruit             |       |       |     1 |       ||     1
Armor: Scale mail        |    40 |    50 |   113 |       ||   203
       Plate armour      |       |       |    13 |     1 ||    14
Dodge: Dodged            |    58 |    58 |   128 |     1 ||   245
       Rpst.: Long sword |    14 |    14 |    28 |     1 ||    57
